 Dungeon Crawl Stone Soup version 0.30.0-29-ga12c61a403 (webtiles) character file.

Game seed: 14112857672089810790

1050 croobank the Firebug (level 7, -4/56 HPs)
             Began as a Demigod Fire Elementalist on June 19, 2023.
             Killed from afar by a steam dragon (26 damage)
             ... with a ball of steam
             ... on level 6 of the Dungeon.
             The game lasted 00:15:37 (5770 turns).

croobank the Firebug (Demigod Fire Elementalist)    Turns: 5770, Time: 00:15:38

Health: -4/56      AC:  7    Str:  9    XL:     7   Next: 76%
Magic:  9/15       EV: 13    Int: 25    God:
Gold:   312        SH:  0    Dex: 14    Spells: 6/12 levels left

rFire   . . .        a - +1 short sword
rCold   . . .        (no shield)
rNeg    . . .        e - +0 robe
rPois   .            k - +1 helmet
rElec   .            (no cloak)
rCorr   .            o - +0 pair of gloves
SInv    .            m - +1 pair of boots
Will    .....        (no amulet)
Stlth   ++           (no ring)
HPRegen 0.29/turn    (no ring)
MPRegen 0.14/turn

%: no passive effects
@: no status effects
A: high MP 1, forlorn, divine attributes
a: no special abilities


You were on level 6 of the Dungeon.
You visited 1 branch of the dungeon, and saw 6 of its levels.

You collected 312 gold pieces.

Inventory:

Hand Weapons
 a - a +1 short sword (weapon)
 b - a +1 sling of flaming
 g - a +0 dagger
 i - a +0 long sword
 z - a +0 rapier
 C - a +2 flail of protection
Missiles
 j - a throwing net (quivered)
 y - 4 poisoned darts
 F - 6 javelins
Armour
 e - a +0 robe (worn)
 k - a +1 helmet (worn)
 m - a +1 pair of boots (worn)
 o - a +0 pair of gloves (worn)
 v - a +1 ring mail of cold resistance
 A - a +0 leather armour
Magical Staves
 E - a staff of air
Jewellery
 h - an amulet of magic regeneration
Wands
 s - a wand of flame (11)
Scrolls
 f - a scroll of fog
 G - a scroll of butterflies
Potions
 c - a potion of magic
 d - 2 potions of berserk rage
 l - a potion of brilliance
 n - a potion of invisibility
 p - a potion of resistance {unknown}
 r - a potion of haste
 t - 2 potions of ambrosia
 u - 3 potions of might
 x - a potion of curing {unknown}
 B - a potion of heal wounds {unknown}
 D - a potion of lignification {unknown}


   Skills:
 + Level 2.9 Fighting
 + Level 3.6 Dodging
 + Level 3.8 Stealth
 + Level 3.3 Spellcasting
 + Level 3.3 Conjurations
 + Level 2.7 Hexes
 + Level 4.2 Fire Magic


You had 6 spell levels left.
You knew the following spells:

 Your Spells              Type           Power      Damage    Failure   Level
a - Foxfire               Conj/Fire      92%        2x1d8     1%          1
b - Scorch                Fire           50%        2d7       2%          2
c - Inner Flame           Hex/Fire       21%        N/A       7%          3

Your spell library contained the following spells:

 Spells                   Type           Power      Damage    Failure   Level
 Volatile Blastmotes      Fire/Tloc      28%        2d12      12%         3
 Flame Wave               Conj/Fire      23%        2d8       21%         4


Dungeon Overview and Level Annotations

Branches:
Dungeon (6/15)             Temple (0/1) D:4


Innate Abilities, Weirdness & Mutations

You have an increased reservoir of magic. (+10% MP)
You shall have no god before yourself.
Your divine heritage dramatically boosts your attributes as you level up.


Message History

The steam dragon hisses angrily.
Throw: 2 throwing nets
Press: ? - help, Q - select action, (/) - cycle Shift-Dir - straight line, f - steam dragon
Aim: a steam dragon (59% to hit)
You throw a throwing net. The throwing net hits the steam dragon.
The steam dragon is caught in the net!
The steam dragon struggles against the net.
You hit the steam dragon.
The steam dragon is lightly wounded.
The steam dragon breathes steam at you. The ball of steam hits you!!
The steam dragon struggles against the net.
Casting: Scorch (safe; 2% risk of failure)
Confirm with . or Enter, or press ? or * to list all spells.
You don't know that spell.
You hit the steam dragon but do no damage.
The steam dragon is lightly wounded.
The steam dragon breathes steam at you. The ball of steam hits you!
The steam dragon struggles against the net.
You hear a shout!
Casting: Scorch (safe; 2% risk of failure)
Confirm with . or Enter, or press ? or * to list all spells.
Flames lash the steam dragon.
The steam dragon is moderately wounded.
The steam dragon's fire resistance burns away.
You are engulfed in a cloud of scalding steam.
The steam dragon struggles against the net.
Casting: Scorch (safe; 2% risk of failure)
Confirm with . or Enter, or press ? or * to list all spells.
Flames lash the steam dragon.
The steam dragon is burned terribly!
The steam dragon is moderately wounded.
The steam dragon struggles against the net.
Casting: Scorch (safe; 2% risk of failure)
Confirm with . or Enter, or press ? or * to list all spells.
Flames lash the steam dragon.
The steam dragon is burned terribly!
The steam dragon is heavily wounded.
The steam dragon breathes steam at you. The ball of steam hits you!!
You die...

##?.. ######### ##....# #.......#
#.....# #...<...#### ## ####.#..#
#..........##.. .(....#
#[............# #....## #
###.##.#####.## ####...^##...
####..##........†
###............##....###..####.#b
....###..###...#@.#### #b.# #b..
#######..# #§§...D.# #.b# ##b.
#....#..# #...###.# ###..####b.b
#....#.## #... .# #b....#bbbb#
#>.....# #.. .###.###.#.##bb
#......# ##. .##..###b#b###b
#......# # .###.b.....# .
#......# .# #.###b### #
#......##### ### #.#


You could see a steam dragon (caught, catching breath, combustible).

Vanquished Creatures
  Eustachio (D:5)
  A water moccasin (D:6)
  A sky beast (D:4)
  An ice beast (D:6)
  A scorpion (D:4)
  2 howler monkeys
  2 hounds
  A jelly (D:6)
  2 sleepcaps
  6 iguanas
  10 adders
  4 gnolls
  3 dart slugs
  An orc (D:4)
  4 endoplasms
  3 giant cockroaches
  4 hobgoblins
  9 ball pythons
  2 bats
  2 frilled lizards
  10 goblins
  3 kobolds
  6 rats
79 creatures vanquished.

Vanquished Creatures (others)
  176 foxfires
176 creatures vanquished.

Grand Total: 255 creatures vanquished

Notes
Turn   | Place    | Note
-------+----------+-------------------------------------------
     0 | D:1      | croobank the Demigod Fire Elementalist began the quest for
                  | the Orb.
     0 | D:1      | Reached XP level 1. HP: 14/14 MP: 5/5
   126 | D:1      | Reached skill level 1 in Conjurations
   491 | D:1      | Reached XP level 2. HP: 20/20 MP: 4/7
   494 | D:1      | Learned a level 2 spell: Scorch
  1233 | D:2      | Reached XP level 3. HP: 27/27 MP: 5/8
  1237 | D:2      | Learned a level 3 spell: Inner Flame
  1430 | D:2      | Reached skill level 3 in Fire Magic
  3080 | D:4      | Reached skill level 1 in Fighting
  3080 | D:4      | Reached XP level 4. HP: 35/35 MP: 4/10
  3187 | D:4      | Noticed a sky beast
  3215 | D:4      | Killed a sky beast
  3216 | D:4      | Reached skill level 1 in Hexes
  3216 | D:4      | Reached XP level 5. HP: 28/40 MP: 0/11
  3341 | D:4      | Found a staircase to the Ecumenical Temple.
  4061 | D:5      | Entered Level 5 of the Dungeon
  4067 | D:4      | Reached XP level 6. HP: 23/48 MP: 5/12
  4567 | D:5      | Noticed Eustachio
  4571 | D:5      | Killed Eustachio
  4572 | D:5      | Reached XP level 7. HP: 55/55 MP: 5/14
  5101 | D:6      | Reached skill level 4 in Fire Magic
  5358 | D:6      | Found a large runed translucent door.
  5358 | D:6      | Found a large runed translucent door.
  5762 | D:6      | Noticed a steam dragon
  5770 | D:6      | Killed from afar by a steam dragon

Illustrated notes

Levels and vault maps discovered:
D:1:      lemuel_arrival_lava_pool, layout_loops_ring, minmay_pentomino_o4
D:2:      layout_basic, minmay_misc_feat_chi
D:3:      layout_loops_ring, mainiacjoe_overflow_chevrons,
          mainiacjoe_overflow_alcove_2, roderic_serpentine_path,
          chequers_serial_rivers_micro_e
D:4:      layout_rooms, minmay_temple_entry_tees
D:5:      layout_rooms, mainiacjoe_overflow_24_doors, uniq_eustachio
D:6:      layout_rooms, jmf_multi_god_temple2, pdpol_wu_jian_five_deadly_venoms,
          general_overflow_altar, corner_web_ring

Skill      XL: |  1  2  3  4  5  6  7 |
---------------+----------------------+-----
Conjurations   | 1 2 3 |  3.3
Dodging        | 2 3 |  3.6
Stealth        | 2 3 |  3.8
Spellcasting   | 2 3 |  3.3
Fire Magic     | 3 4 |  4.2
Fighting       | 1 2 |  2.9
Hexes          | 1 2 |  2.7

Action                     |  1- 3 |  4- 6 |  7- 9 || total
---------------------------+-------+-------+-------++-------
  Melee: Short sword       |    18 |     8 |    16 ||    42
         Unarmed           |     1 |       |       ||     1
         Punch             |     1 |       |       ||     1
   Fire: Sling             |       |     8 |       ||     8
  Throw: Throwing net      |       |       |     1 ||     1
   Cast: Foxfire           |    48 |    36 |    21 ||   105
         Scorch            |    15 |    32 |    24 ||    71
    Use: Scroll            |    10 |     1 |     6 ||    17
   Stab: Sleeping          |     4 |       |     1 ||     5
 Armour: Robe              |     4 |    10 |     6 ||    20
  Dodge: Dodged            |    15 |     9 |    11 ||    35
